Workbook
Name LINHA7: #REF!
Name LINHA7: #REF!

Sheet 1 - Orçamento Resumido
E3: PREFEITURA MUNICIPAL DE RIO BRILHANTE | K3: BANCOS:
E4: RUA THAYDE NOGUEIRA, Nº 1033, CENTRO | G4: ENCARGOS SOCIAIS | K4: SINAP 06/2025 - MS
E5: CNPJ: 03.681.582/0001-07 | G5: SEM DESONERAÇÃO | K5: AGESUL 06/2025
E6: OBRA: REFORMA ESF ANTÔNIO APARECIDO BITENCOURT
G7: HORISTA: 107,52% | K7: BDI: 25,00%
E8: LOCAL: RUA 16 DE JUNHO, 692 DISTRITO DE PRUDÊNCIO THOMAZ - RIO BRILHANTE - MS | G8: MENSALISTA: 64,8%
B10: ORÇAMENTO RESUMIDO
B12: ITEM | E12: DESCRIÇÃO | K12: TOTAL | L12: PESO (%)
B14: 1 | E14: SERVIÇOS PRELIMINARES | K14: 14410.05 | L14: 0.02061659
B15: 2 | E15: DEMOLIÇÕES E RETIRADAS | K15: 25339.92 | L15: 0.036254055
B16: 3 | E16: INFRAESTRUTURA | K16: 17776.17 | L16: 0.025432529
B17: 4 | E17: SUPRAESTRUTURA | K17: 11326.82 | L17: 0.016205385
B18: 5 | E18: ALVENARIA | K18: 40425.09 | L18: 0.057836545
B19: 6 | E19: INSTALAÇÕES HIDROSSANITÁRIAS | K19: 39357.75 | L19: 0.056309492
B20: 7 | E20: INSTALAÇÕES ELÉTRICAS | K20: 60909.6 | L20: 0.087143921
B21: 8 | E21: ESQUADRIAS E FERRAGENS | K21: 74033.67 | L21: 0.10592065
B22: 9 | E22: REVESTIMENTO | K22: 71046.5 | L22: 0.10164688
B23: 10 | E23: PINTURA | K23: 99089.64 | L23: 0.14176845
B24: 11 | E24: COBERTURA | K24: 141856.35 | L24: 0.20295518
B25: 12 | E25: LOUÇAS, PEDRAS E METAIS | K25: 14294.49 | L25: 0.020451257
... B29: 16 | E29: ADMINISTRAÇÃO LOCAL | K29: 31481.41 | L29: 0.045040741
G31: Total sem BDI | J31: 559238
G32: Total do BDI | J32: 139716.09
G33: Total Geral | J33: 698954.09

Sheet 2 - Orçamento Sintético
D3: ='1 - Orçamento Resumido'!E3 -> PREFEITURA MUNICIPAL DE RIO BRILHANTE | H3: ='1 - Orçamento Resumido'!K3 -> BANCOS:
D4: ='1 - Orçamento Resumido'!E4 -> RUA THAYDE NOGUEIRA, Nº 1033, CENTRO | F4: ENCARGOS SOCIAIS | H4: ='1 - Orçamento Resumido'!K4 -> SINAP 06/2025 - MS
D5: ='1 - Orçamento Resumido'!E5 -> CNPJ: 03.681.582/0001-07 | F5: ='1 - Orçamento Resumido'!G5 -> SEM DESONERAÇÃO | H5: ='1 - Orçamento Resumido'!K5 -> AGESUL 06/2025
D6: {='1 - Orçamento Resumido'!E6:F7} -> OBRA: REFORMA ESF ANTÔNIO APARECIDO BITENCOURT | E6: 0
D7: 0 | E7: 0 | F7: ='1 - Orçamento Resumido'!G7 -> HORISTA: 107,52% | H7: ='1 - Orçamento Resumido'!K7 -> BDI: 25,00%
D8: {='1 - Orçamento Resumido'!E8:F8} -> LOCAL: RUA 16 DE JUNHO, 692 DISTRITO DE PRUDÊNCIO THOMAZ - RIO BRILHANTE - MS | E8: 0 | F8: ='1 - Orçamento Resumido'!G8 -> MENSALISTA: 64,8%
B10: ORÇAMENTO SINTÉTICO
B12: ITEM | C12: CÓDIGO | D12: BANCO | E12: DESCRIÇÃO | F12: UND | G12: QUANT | H12: VALOR UNIT | I12: VALOR UNIT COM BDI | J12: TOTAL | K12: PESO (%)
B14: 1 | E14: SERVIÇOS PRELIMINARES | G14: 1 | I14: 14410.05 | J14: 14410.05 | K14: 0.02061659
B15: 1.1 | C15: 103689 | D15: SINAPI | E15: FORNECIMENTO E INSTALAÇÃO DE PLACA DE OBRA COM CHAPA GALVANIZADA E ESTRUTURA DE MADEIRA. AF_03/2022_PS | F15: m² | G15: 8 | H15: 455.88 | I15: 569.85 | J15: 4558.8 | K15: 0.0065223168
B16: 1.2 | C16: 0101001131 | D16: AGESUL | E16: TAPUME COM TELHA TRAPEZOIDAL EM ACO GALVANIZADO, ESP=0,50MM, ESTRUTURA EM MADEIRA NAO APARELHADA (REAPROVEITAMENTO DA TELHA DE 3X), INCLUSO PINTURA LATEX EXTERNAMENTE | F16: m² | G16: 42.8 | H16: 74.92 | I16: 93.65 | J16: 4008.22 | K16: 0.005734597
B17: 1.3 | C17: 2001004006 | D17: AGESUL | E17: LOCACAO MENSAL DE ANDAIME TUBULAR METALICO TIPO TORRE, COM LARGURA DE 1,00 ATE 1,50M E H=1,00M, INCLUSO A PRIMEIRA MONTAGEM E DESMONTAGEM | F17: M | G17: 27 | H17: 54.56 | I17: 68.2 | J17: 1841.4 | K17: 0.0026345078
B18: 1.4 | C18: 0101001181 | D18: AGESUL | E18: LOCACAO DE CONTAINER PARA DEPOSITO DE (2,30 X 6,00)M, ALT. 2,50M, SEM DIVISORIAS INTERNAS E SEM SANITARIO, EXC TRANSP/CARGA/DESCARGA | F18: MES | G18: 3 | H18: 705.85 | I18: 882.31 | J18: 2646.93 | K18: 0.0037869869
B19: 1.5 | C19: 0101001196 | D19: AGESUL | E19: MOBILIZACAO E DESMOBILIZACAO DE CONTAINER | F19: UN | G19: 1 | H19: 1083.76 | I19: 1354.7 | J19: 1354.7 | K19: 0.0019381817
B20: 2 | E20: DEMOLIÇÕES E RETIRADAS | G20: 1 | I20: 25339.92 | J20: 25339.92 | K20: 0.036254055
B21: 2.1 | C21: 97625 | D21: SINAPI | E21: DEMOLIÇÃO DE ALVENARIA PARA QUALQUER TIPO DE BLOCO, DE FORMA MECANIZADA, SEM REAPROVEITAMENTO. AF_09/2023 | F21: m³ | G21: 21.561 | H21: 50.16 | I21: 62.7 | J21: 1351.87 | K21: 0.0019341328
B22: 2.2 | C22: 0201001048 | D22: AGESUL | E22: DEMOLICAO DE PISO CERAMICO, DE FORMA MECANIZADA, SEM REAPROVEITAMENRO | F22: m² | G22: 275.13 | H22: 7.15 | I22: 8.93 | J22: 2456.91 | K22: 0.0035151236
B23: 2.3 | C23: 97629 | D23: SINAPI | E23: DEMOLIÇÃO DE LAJES, EM CONCRETO ARMADO, DE FORMA MECANIZADA COM MARTELETE, SEM REAPROVEITAMENTO. AF_09/2023 | F23: m³ | G23: 3.996 | H23: 88.59 | I23: 110.73 | J23: 442.47 | K23: 0.00063304587
B24: 2.4 | C24: 0201004084 | D24: AGESUL | E24: RETIRADA DE BALCAO E BANCADAS DE GRANITO, SEM REAPROVEITAMENTO | F24: m² | G24: 0.5 | H24: 46.49 | I24: 58.11 | J24: 29.05 | K24: 4.15621e-05
B25: 2.5 | C25: 97663 | D25: SINAPI | E25: REMOÇÃO DE LOUÇAS, DE FORMA MANUAL, SEM REAPROVEITAMENTO. AF_09/2023 | F25: UN | G25: 13 | H25: 12.11 | I25: 15.13 | J25: 196.69 | K25: 0.00028140618
B26: 2.6 | C26: 97666 | D26: SINAPI | E26: REMOÇÃO DE METAIS SANITÁRIOS, DE FORMA MANUAL, SEM REAPROVEITAMENTO. AF_09/2023 | F26: UN | G26: 6 | H26: 8.83 | I26: 11.03 | J26: 66.18 | K26: 9.468433e-05
B27: 2.7 | C27: 104790 | D27: SINAPI | E27: DEMOLIÇÃO DE PISO DE CONCRETO SIMPLES, DE FORMA MECANIZADA COM MARTELETE, SEM REAPROVEITAMENTO. AF_09/2023 | F27: m³ | G27: 0.824 | H27: 111.95 | I27: 139.93 | J27: 115.3 | K27: 0.00016496076
B28: 2.8 | C28: 97647 | D28: SINAPI | E28: REMOÇÃO DE TELHAS DE FIBROCIMENTO METÁLICA E CERÂMICA, DE FORMA MANUAL, SEM REAPROVEITAMENTO. AF_09/2023 | F28: m² | G28: 374.67 | H28: 3.41 | I28: 4.26 | J28: 1596.09 | K28: 0.0022835405
B29: 2.9 | C29: 97650 | D29: SINAPI | E29: REMOÇÃO DE TRAMA DE MADEIRA PARA COBERTURA, DE FORMA MANUAL, SEM REAPROVEITAMENTO. AF_09/2023 | F29: m² | G29: 374.67 | H29: 7.35 | I29: 9.18 | J29: 3439.47 | K29: 0.0049208811
B30: 2.10 | C30: 104803 | D30: SINAPI | E30: REMOÇÃO CALHAS E RUFOS, DE FORMA MANUAL, SEM REAPROVEITAMENTO. AF_09/2023 | F30: M | G30: 117.07 | H30: 4.38 | I30: 5.47 | J30: 640.37 | K30: 0.00091618321
B31: 2.11 | C31: 0201004004 | D31: AGESUL | E31: RETIRADA DE CUMEEIRA NORMAL OU ARTICULADA DE FIBROCIMENTO, SEM REAPROVEITAMENTO | F31: M | G31: 54.67 | H31: 3.01 | I31: 3.76 | J31: 205.55 | K31: 0.00029408226
B32: 2.12 | C32: 104802 | D32: SINAPI | E32: REMOÇÃO DE TELA DE ARAME GALVANIZADO DE ALAMBRADOS PARA QUADRAS POLIESPORTIVAS, DE FORMA MANUAL, SEM REMOÇÃO DA ESTRUTURA DE SUSTENTAÇÃO, SEM REAPROVEITAMENTO. AF_09/2023 | F32: m² | G32: 23.88 | H32: 9.09 | I32: 11.36 | J32: 271.27 | K32: 0.00038810847
... B37: 2.17 | C37: 0201002160 | D37: AGESUL | E37: CARGA MANUAL DE ENTULHO EM CACAMBA | F37: m³ | G37: 103.224 | H37: 14.51 | I37: 18.13 | J37: 1871.45 | K37: 0.0026775006
B38: 3 | E38: INFRAESTRUTURA | G38: 1 | I38: 17776.17 | J38: 17776.17 | K38: 0.025432529
B39: 3.1 | E39: ESTACA | G39: 1 | I39: 10792.8 | J39: 10792.8 | K39: 0.015441358
B40: 3.1.1 | C40: 0301000132 | D40: AGESUL | E40: ESTACA ESCAVADA MECANICAMENTE, SEM FLUIDO ESTABILIZANTE, COM 30CM DE DIAMETRO, CONCRETO 25MPA, LANCADO POR CAMINHAO BETONEIRA (EXCLUSIVE FERRAGENS, MOBILIZACAO E DESMOBILIZACAO) | F40: M | G40: 44 | H40: 72.87 | I40: 91.08 | J40: 4007.52 | K40: 0.0057335955
B41: 3.1.2 | C41: 95577 | D41: SINAPI | E41: MONTAGEM DE ARMADURA DE ESTACAS, DIÂMETRO = 10,0 MM. AF_09/2021_PS | F41: KG | G41: 134.3 | H41: 10.82 | I41: 13.52 | J41: 1815.73 | K41: 0.0025977815
B42: 3.1.3 | C42: 95583 | D42: SINAPI | E42: MONTAGEM DE ARMADURA TRANSVERSAL DE ESTACAS DE SEÇÃO CIRCULAR, DIÂMETRO = 5,0 MM. AF_09/2021_PS | F42: KG | G42: 36.8 | H42: 15.61 | I42: 19.51 | J42: 717.96 | K42: 0.0010271919
B43: 3.1.4 | C43: 95601 | D43: SINAPI | E43: ARRASAMENTO MECANICO DE ESTACA DE CONCRETO ARMADO, DIAMETROS DE ATÉ 40 CM. AF_05/2021 | F43: UN | G43: 11 | H43: 17.42 | I43: 21.77 | J43: 239.47 | K43: 0.00034261192
B44: 3.1.5 | C44: 0301000147 | D44: AGESUL | E44: MOBILIZACAO E DESMOBILIZACAO DE EQUIPAMENTO DE PERFURACAO PARA EXECUCAO DE FUNDACAO | F44: KM | G44: 322 | H44: 9.97 | I44: 12.46 | J44: 4012.12 | K44: 0.0057401767
B45: 3.2 | E45: BLOCO | G45: 1 | I45: 3141.47 | J45: 3141.47 | K45: 0.0044945298
B46: 3.2.1 | C46: 96523 | D46: SINAPI | E46: ESCAVAÇÃO MANUAL PARA BLOCO DE COROAMENTO OU SAPATA (INCLUINDO ESCAVAÇÃO PARA COLOCAÇÃO DE FÔRMAS). AF_01/2024 | F46: m³ | G46: 2.142 | H46: 89.7 | I46: 112.12 | J46: 240.16 | K46: 0.00034359911
B47: 3.2.2 | C47: 96535 | D47: SINAPI | E47: FABRICAÇÃO, MONTAGEM E DESMONTAGEM DE FÔRMA PARA SAPATA, EM MADEIRA SERRADA, E=25 MM, 4 UTILIZAÇÕES. AF_01/2024 | F47: m² | G47: 9.24 | H47: 118.67 | I47: 148.33 | J47: 1370.56 | K47: 0.0019608727
B48: 3.2.3 | C48: 96617 | D48: SINAPI | E48: LASTRO DE CONCRETO MAGRO, APLICADO EM BLOCOS DE COROAMENTO OU SAPATAS, ESPESSURA DE 3 CM. AF_01/2024 | F48: m² | G48: 0.0756 | H48: 18.75 | I48: 23.43 | J48: 1.77 | K48: 2.5323552e-06
B49: 3.2.4 | C49: 96543 | D49: SINAPI | E49: ARMAÇÃO DE BLOCO UTILIZANDO AÇO CA-60 DE 5 MM - MONTAGEM. AF_01/2024 | F49: KG | G49: 15.9 | H49: 19.28 | I49: 24.1 | J49: 383.19 | K49: 0.00054823343
B50: 3.2.5 | C50: ELMT COMP - 803 | D50: Próprio | E50: CONCRETAGEM DE BLOCO DE COROAMENTO OU VIGA BALDRAME, FCK 25 MPA, COM USO DE JERICA - LANÇAMENTO, ADENSAMENTO E ACABAMENTO | F50: m³ | G50: 1.31 | H50: 699.72 | I50: 874.65 | J50: 1145.79 | K50: 0.0016392922
B51: 3.3 | E51: VIGA BALDRAME | G51: 1 | I51: 3841.9 | J51: 3841.9 | K51: 0.0054966414
B52: 3.3.1 | C52: 96536 | D52: SINAPI | E52: FABRICAÇÃO, MONTAGEM E DESMONTAGEM DE FÔRMA PARA VIGA BALDRAME, EM MADEIRA SERRADA, E=25 MM, 4 UTILIZAÇÕES. AF_01/2024 | F52: m² | G52: 14.57 | H52: 60.05 | I52: 75.06 | J52: 1093.62 | K52: 0.0015646521
B53: 3.3.2 | C53: 104917 | D53: SINAPI | E53: ARMAÇÃO DE SAPATA ISOLADA, VIGA BALDRAME E SAPATA CORRIDA UTILIZANDO AÇO CA-50 DE 6,3 MM - MONTAGEM. AF_01/2024 | F53: KG | G53: 0.2 | H53: 15.25 | I53: 19.06 | J53: 3.81 | K53: 5.4510018e-06
B54: 3.3.3 | C54: 104918 | D54: SINAPI | E54: ARMAÇÃO DE SAPATA ISOLADA, VIGA BALDRAME E SAPATA CORRIDA UTILIZANDO AÇO CA-50 DE 8 MM - MONTAGEM. AF_01/2024 | F54: KG | G54: 27.6 | H54: 14.21 | I54: 17.76 | J54: 490.17 | K54: 0.0007012907
B55: 3.3.4 | C55: 104919 | D55: SINAPI | E55: ARMAÇÃO DE SAPATA ISOLADA, VIGA BALDRAME E SAPATA CORRIDA UTILIZANDO AÇO CA-50 DE 10 MM - MONTAGEM. AF_01/2024 | F55: KG | G55: 23.6 | H55: 12.71 | I55: 15.88 | J55: 374.76 | K55: 0.00053617255
B56: 3.3.5 | C56: 104916 | D56: SINAPI | E56: ARMAÇÃO DE SAPATA ISOLADA, VIGA BALDRAME E SAPATA CORRIDA UTILIZANDO AÇO CA-60 DE 5 MM - MONTAGEM. AF_01/2024 | F56: KG | G56: 17.5 | H56: 16.3 | I56: 20.37 | J56: 356.47 | K56: 0.00051000488
B57: 3.3.6 | C57: ELMT COMP - 803 | D57: Próprio | E57: CONCRETAGEM DE BLOCO DE COROAMENTO OU VIGA BALDRAME, FCK 25 MPA, COM USO DE JERICA - LANÇAMENTO, ADENSAMENTO E ACABAMENTO | F57: m³ | G57: 0.83 | H57: 699.72 | I57: 874.65 | J57: 725.95 | K57: 0.0010386233
B58: 3.3.7 | C58: 98557 | D58: SINAPI | E58: IMPERMEABILIZAÇÃO DE SUPERFÍCIE COM EMULSÃO ASFÁLTICA, 2 DEMÃOS. AF_09/2023 | F58: m² | G58: 14.57 | H58: 43.77 | I58: 54.71 | J58: 797.12 | K58: 0.0011404469
B59: 4 | E59: SUPRAESTRUTURA | G59: 1 | I59: 11326.82 | J59: 11326.82 | K59: 0.016205385
B60: 4.1 | E60: PILARES | G60: 1 | I60: 6479.11 | J60: 6479.11 | K60: 0.0092697218
B61: 4.1.1 | C61: 92269 | D61: SINAPI | E61: FABRICAÇÃO DE FÔRMA PARA PILARES E ESTRUTURAS SIMILARES, EM MADEIRA SERRADA, E=25 MM. AF_09/2020 | F61: m² | G61: 23.89 | H61: 113.26 | I61: 141.57 | J61: 3382.1 | K61: 0.0048388014
B62: 4.1.2 | C62: 92762 | D62: SINAPI | E62: ARMAÇÃO DE PILAR OU VIGA DE ESTRUTURA CONVENCIONAL DE CONCRETO ARMADO UTILIZANDO AÇO CA-50 DE 10,0 MM - MONTAGEM. AF_06/2022 | F62: KG | G62: 82.2 | H62: 11.15 | I62: 13.93 | J62: 1145.04 | K62: 0.0016382192
B63: 4.1.3 | C63: 92759 | D63: SINAPI | E63: ARMAÇÃO DE PILAR OU VIGA DE ESTRUTURA CONVENCIONAL DE CONCRETO ARMADO UTILIZANDO AÇO CA-60 DE 5,0 MM - MONTAGEM. AF_06/2022 | F63: KG | G63: 31.6 | H63: 13.89 | I63: 17.36 | J63: 548.57 | K63: 0.00078484411
B64: 4.1.4 | C64: 103669 | D64: SINAPI | E64: CONCRETAGEM DE PILARES, FCK = 25 MPA, COM USO DE BALDES - LANÇAMENTO, ADENSAMENTO E ACABAMENTO. AF_02/2022 | F64: m³ | G64: 1.14 | H64: 984.85 | I64: 1231.06 | J64: 1403.4 | K64: 0.0020078572
B65: 4.2 | E65: VIGAS | G65: 1 | I65: 4054.96 | J65: 4054.96 | K65: 0.0058014683
B66: 4.2.1 | C66: 96536 | D66: SINAPI | E66: FABRICAÇÃO, MONTAGEM E DESMONTAGEM DE FÔRMA PARA VIGA BALDRAME, EM MADEIRA SERRADA, E=25 MM, 4 UTILIZAÇÕES. AF_01/2024 | F66: m² | G66: 22.41 | H66: 60.05 | I66: 75.06 | J66: 1682.09 | K66: 0.0024065815
B67: 4.2.2 | C67: 92760 | D67: SINAPI | E67: ARMAÇÃO DE PILAR OU VIGA DE ESTRUTURA CONVENCIONAL DE CONCRETO ARMADO UTILIZANDO AÇO CA-50 DE 6,3 MM - MONTAGEM. AF_06/2022 | F67: KG | G67: 15 | H67: 13.21 | I67: 16.51 | J67: 247.65 | K67: 0.00035431512
B68: 4.2.3 | C68: 92761 | D68: SINAPI | E68: ARMAÇÃO DE PILAR OU VIGA DE ESTRUTURA CONVENCIONAL DE CONCRETO ARMADO UTILIZANDO AÇO CA-50 DE 8,0 MM - MONTAGEM. AF_06/2022 | F68: KG | G68: 16.5 | H68: 12.46 | I68: 15.57 | J68: 256.9 | K68: 0.00036754918
B69: 4.2.4 | C69: 92762 | D69: SINAPI | E69: ARMAÇÃO DE PILAR OU VIGA DE ESTRUTURA CONVENCIONAL DE CONCRETO ARMADO UTILIZANDO AÇO CA-50 DE 10,0 MM - MONTAGEM. AF_06/2022 | F69: KG | G69: 24.4 | H69: 11.15 | I69: 13.93 | J69: 339.89 | K69: 0.00048628373
B70: 4.2.5 | C70: 92763 | D70: SINAPI | E70: ARMAÇÃO DE PILAR OU VIGA DE ESTRUTURA CONVENCIONAL DE CONCRETO ARMADO UTILIZANDO AÇO CA-50 DE 12,5 MM - MONTAGEM. AF_06/2022 | F70: KG | G70: 30.7 | H70: 9.37 | I70: 11.71 | J70: 359.49 | K70: 0.00051432563
B71: 4.2.6 | C71: 92759 | D71: SINAPI | E71: ARMAÇÃO DE PILAR OU VIGA DE ESTRUTURA CONVENCIONAL DE CONCRETO ARMADO UTILIZANDO AÇO CA-60 DE 5,0 MM - MONTAGEM. AF_06/2022 | F71: KG | G71: 17.6 | H71: 13.89 | I71: 17.36 | J71: 305.53 | K71: 0.00043712456
B72: 4.2.7 | C72: 94965 | D72: SINAPI | E72: CONCRETO FCK = 25MPA, TRAÇO 1:2,3:2,7 (EM MASSA SECA DE CIMENTO/ AREIA MÉDIA/ BRITA 1) - PREPARO MECÂNICO COM BETONEIRA 400 L. AF_05/2021 | F72: m³ | G72: 1.39 | H72: 496.93 | I72: 621.16 | J72: 863.41 | K72: 0.0012352886
B73: 4.3 | E73: LAJE | G73: 1 | I73: 792.75 | J73: 792.75 | K73: 0.0011341947
B74: 4.3.1 | C74: 103760 | D74: SINAPI | E74: MONTAGEM E DESMONTAGEM DE FÔRMA DE LAJE MACIÇA, PÉ-DIREITO SIMPLES, EM CHAPA DE MADEIRA COMPENSADA RESINADA E CIMBRAMENTO DE MADEIRA, 2 UTILIZAÇÕES. AF_03/2022 | F74: m² | G74: 1.94 | H74: 119.34 | I74: 149.17 | J74: 289.38 | K74: 0.00041401861
B75: 4.3.2 | C75: 92769 | D75: SINAPI | E75: ARMAÇÃO DE LAJE DE ESTRUTURA CONVENCIONAL DE CONCRETO ARMADO UTILIZANDO AÇO CA-50 DE 6,3 MM - MONTAGEM. AF_06/2022 | F75: KG | G75: 9 | H75: 12.72 | I75: 15.9 | J75: 143.1 | K75: 0.00020473448
B76: 4.3.3 | C76: 92768 | D76: SINAPI | E76: ARMAÇÃO DE LAJE DE ESTRUTURA CONVENCIONAL DE CONCRETO ARMADO UTILIZANDO AÇO CA-60 DE 5,0 MM - MONTAGEM. AF_06/2022 | F76: KG | G76: 5.2 | H76: 13.4 | I76: 16.75 | J76: 87.1 | K76: 0.00012461477
B77: 4.3.4 | C77: 103675 | D77: SINAPI | E77: CONCRETAGEM DE VIGAS E LAJES, FCK=25 MPA, PARA LAJES MACIÇAS OU NERVURADAS COM USO DE BOMBA - LANÇAMENTO, ADENSAMENTO E ACABAMENTO. AF_02/2022_PS | F77: m³ | G77: 0.19 | H77: 703.35 | I77: 879.18 | J77: 167.04 | K77: 0.00023898565
B78: 4.3.5 | C78: 98557 | D78: SINAPI | E78: IMPERMEABILIZAÇÃO DE SUPERFÍCIE COM EMULSÃO ASFÁLTICA, 2 DEMÃOS. AF_09/2023 | F78: m² | G78: 1.94 | H78: 43.77 | I78: 54.71 | J78: 106.13 | K78: 0.00015184116
B79: 5 | E79: ALVENARIA | G79: 1 | I79: 40425.09 | J79: 40425.09 | K79: 0.057836545
B80: 5.1 | C80: 103328 | D80: SINAPI | E80: ALVENARIA DE VEDAÇÃO DE BLOCOS CERÂMICOS FURADOS NA HORIZONTAL DE 9X19X19 CM (ESPESSURA 9 CM) E ARGAMASSA DE ASSENTAMENTO COM PREPARO EM BETONEIRA. AF_12/2021 | F80: m² | G80: 147.65 | H80: 92.68 | I80: 115.85 | J80: 17105.25 | K80: 0.024472637
B81: 5.2 | C81: 87905 | D81: SINAPI | E81: CHAPISCO APLICADO EM ALVENARIA (COM PRESENÇA DE VÃOS) E ESTRUTURAS DE CONCRETO DE FACHADA, COM COLHER DE PEDREIRO. ARGAMASSA TRAÇO 1:3 COM PREPARO EM BETONEIRA 400L. AF_10/2022 | F81: m² | G81: 295.3 | H81: 7.6 | I81: 9.5 | J81: 2805.35 | K81: 0.0040136399
B82: 5.3 | C82: 87777 | D82: SINAPI | E82: EMBOÇO OU MASSA ÚNICA EM ARGAMASSA TRAÇO 1:2:8, PREPARO MANUAL, APLICADA MANUALMENTE EM PANOS DE FACHADA COM PRESENÇA DE VÃOS, ESPESSURA DE 25 MM. AF_08/2022 | F82: m² | G82: 295.3 | H82: 55.58 | I82: 69.47 | J82: 20514.49 | K82: 0.029350268
B83: 6 | E83: INSTALAÇÕES HIDROSSANITÁRIAS | G83: 1 | I83: 39357.75 | J83: 39357.75 | K83: 0.056309492
B84: 6.1 | E84: HIDRÁULICA | G84: 1 | I84: 13315.53 | J84: 13315.53 | K84: 0.01905065
B85: 6.1.1 | C85: ELMT COMP - 1135 | D85: Próprio | E85: BOMBA CENTRÍFUGA, MONOFÁSICA, 3/4CV - FORNECIMENTO E INSTALAÇÃO | F85: UN | G85: 1 | H85: 1949.16 | I85: 2436.45 | J85: 2436.45 | K85: 0.0034858513
B86: 6.1.2 | C86: 94656 | D86: SINAPI | E86: ADAPTADOR CURTO COM BOLSA E ROSCA PARA REGISTRO, PVC, SOLDÁVEL, DN 25 MM X 3/4", INSTALADO EM RESERVAÇÃO PREDIAL DE ÁGUA - FORNECIMENTO E INSTALAÇÃO. AF_04/2024 | F86: UN | G86: 4 | H86: 3.32 | I86: 4.15 | J86: 16.6 | K86: 2.3749772e-05
B87: 6.1.3 | C87: 89366 | D87: SINAPI | E87: JOELHO 90 GRAUS COM BUCHA DE LATÃO, PVC, SOLDÁVEL, DN 25MM, X 3/4 INSTALADO EM RAMAL OU SUB-RAMAL DE ÁGUA - FORNECIMENTO E INSTALAÇÃO. AF_06/2022 | F87: UN | G87: 16 | H87: 15.55 | I87: 19.43 | J87: 310.88 | K87: 0.00044477886
B88: 6.1.4 | C88: 89356 | D88: SINAPI | E88: TUBO, PVC, SOLDÁVEL, DE 25MM, INSTALADO EM RAMAL OU SUB-RAMAL DE ÁGUA - FORNECIMENTO E INSTALAÇÃO. AF_06/2022 | F88: M | G88: 61.91 | H88: 21.92 | I88: 27.4 | J88: 1696.33 | K88: 0.0024269548
B89: 6.1.5 | C89: 89617 | D89: SINAPI | E89: TE, PVC, SOLDÁVEL, DN 25MM, INSTALADO EM PRUMADA DE ÁGUA - FORNECIMENTO E INSTALAÇÃO. AF_06/2022 | F89: UN | G89: 4 | H89: 7.36 | I89: 9.2 | J89: 36.8 | K89: 5.2650096e-05
B90: 6.1.6 | C90: 95675 | D90: SINAPI | E90: HIDRÔMETRO DN 3/4", 5,0 M3/H - FORNECIMENTO E INSTALAÇÃO. AF_03/2024 | F90: UN | G90: 1 | H90: 167.64 | I90: 209.55 | J90: 209.55 | K90: 0.0002998051
B91: 6.1.7 | C91: 86884 | D91: SINAPI | E91: ENGATE FLEXÍVEL EM PLÁSTICO BRANCO, 1/2" X 30CM - FORNECIMENTO E INSTALAÇÃO. AF_01/2020 | F91: UN | G91: 9 | H91: 10.6 | I91: 13.25 | J91: 119.25 | K91: 0.00017061206
B92: 6.1.8 | C92: 1301004012 | D92: AGESUL | E92: TUBO DE DESCARGA DE PVC, PARA VALVULA DE DESCARGA (TUBO PONTA AZUL) | F92: UN | G92: 6 | H92: 24 | I92: 30 | J92: 180 | K92: 0.00025752764
B93: 6.1.9 | C93: 89385 | D93: SINAPI | E93: LUVA SOLDÁVEL E COM ROSCA, PVC, SOLDÁVEL, DN 25MM X 3/4, INSTALADO EM RAMAL OU SUB-RAMAL DE ÁGUA - FORNECIMENTO E INSTALAÇÃO. AF_06/2022 | F93: UN | G93: 2 | H93: 6.94 | I93: 8.67 | J93: 17.34 | K93: 2.4808496e-05
B94: 6.1.10 | C94: 00010781 | D94: SINAPI | E94: EXTREMIDADE/TUBETE PARA HIDROMETRO PVC, COM ROSCA, CURTA, COM BUCHA LATAO, 3/4" OU 1/2" | F94: UN | G94: 2 | H94: 11.71 | I94: 14.63 | J94: 29.26 | K94: 4.1862549e-05
B95: 6.1.11 | C95: 94656 | D95: SINAPI | E95: ADAPTADOR CURTO COM BOLSA E ROSCA PARA REGISTRO, PVC, SOLDÁVEL, DN 25 MM X 3/4", INSTALADO EM RESERVAÇÃO PREDIAL DE ÁGUA - FORNECIMENTO E INSTALAÇÃO. AF_04/2024 | F95: UN | G95: 22 | H95: 3.32 | I95: 4.15 | J95: 91.3 | K95: 0.00013062374
B96: 6.1.12 | C96: 89436 | D96: SINAPI | E96: ADAPTADOR CURTO COM BOLSA E ROSCA PARA REGISTRO, PVC, SOLDÁVEL, DN 32MM X 1, INSTALADO EM RAMAL DE DISTRIBUIÇÃO DE ÁGUA - FORNECIMENTO E INSTALAÇÃO. AF_06/2022 | F96: UN | G96: 2 | H96: 7.83 | I96: 9.78 | J96: 19.56 | K96: 2.7984671e-05
... B137: 6.1.53 | C137: 102608 | D137: SINAPI | E137: CAIXA D´ÁGUA EM POLIETILENO, 1500 LITROS - FORNECIMENTO E INSTALAÇÃO. AF_06/2021 | F137: UN | G137: 1 | H137: 1103.48 | I137: 1379.35 | J137: 1379.35 | K137: 0.0019734486
B138: 6.2 | E138: SANITÁRIO | G138: 1 | I138: 12413.84 | J138: 12413.84 | K138: 0.017760594
B139: 6.2.1 | C139: 1301005194 | D139: AGESUL | E139: CAIXA ENTERRADA HIDRAULICA RETANGULAR EM ALVENARIA COM TIJOLOS CERAMICOS MACICOS, DIMENSOES INTERNAS: 0,4X0,4X0,4 M PARA REDE DE ESGOTO, INCLUSO TAMPAO DE FERRO FUNDIDO | F139: UN | G139: 3 | H139: 416.42 | I139: 520.52 | J139: 1561.56 | K139: 0.0022341382
B140: 6.2.2 | C140: 104328 | D140: SINAPI | E140: CAIXA SIFONADA, COM GRELHA QUADRADA, PVC, DN 150 X 150 X 50 MM, JUNTA SOLDÁVEL, FORNECIDA E INSTALADA EM RAMAL DE DESCARGA OU EM RAMAL DE ESGOTO SANITÁRIO. AF_08/2022 | F140: UN | G140: 9 | H140: 69.31 | I140: 86.63 | J140: 779.67 | K140: 0.001115481
B141: 6.2.3 | C141: 86882 | D141: SINAPI | E141: SIFÃO DO TIPO GARRAFA/COPO EM PVC 1.1/4 X 1.1/2" - FORNECIMENTO E INSTALAÇÃO. AF_01/2020 | F141: UN | G141: 12 | H141: 22.59 | I141: 28.23 | J141: 338.76 | K141: 0.00048466703
B142: 6.2.4 | C142: 86883 | D142: SINAPI | E142: SIFÃO DO TIPO FLEXÍVEL EM PVC 1 X 1.1/2 - FORNECIMENTO E INSTALAÇÃO. AF_01/2020 | F142: UN | G142: 1 | H142: 12.24 | I142: 15.3 | J142: 15.3 | K142: 2.188985e-05
B143: 6.2.5 | C143: 86879 | D143: SINAPI | E143: VÁLVULA EM PLÁSTICO 1" PARA PIA, TANQUE OU LAVATÓRIO, COM OU SEM LADRÃO - FORNECIMENTO E INSTALAÇÃO. AF_01/2020 | F143: UN | G143: 12 | H143: 9.58 | I143: 11.97 | J143: 143.64 | K143: 0.00020550706
B144: 6.2.6 | C144: 104341 | D144: SINAPI | E144: BUCHA DE REDUÇÃO LONGA, PVC, SÉRIE NORMAL, ESGOTO PREDIAL, DN 50 X 40 MM, JUNTA SOLDÁVEL E ELÁSTICA, FORNECIDO E INSTALADO EM RAMAL DE DESCARGA OU RAMAL DE ESGOTO SANITÁRIO. AF_08/2022 | F144: UN | G144: 1 | H144: 10.7 | I144: 13.37 | J144: 13.37 | K144: 1.9128581e-05
B145: 6.2.7 | C145: 89852 | D145: SINAPI | E145: CURVA CURTA 90 GRAUS, PVC, SERIE NORMAL, ESGOTO PREDIAL, DN 100 MM, JUNTA ELÁSTICA, FORNECIDO E INSTALADO EM SUBCOLETOR AÉREO DE ESGOTO SANITÁRIO. AF_08/2022 | F145: UN | G145: 6 | H145: 46.22 | I145: 57.77 | J145: 346.62 | K145: 0.0004959124
B146: 6.2.8 | C146: 89728 | D146: SINAPI | E146: CURVA CURTA 90 GRAUS, PVC, SERIE NORMAL, ESGOTO PREDIAL, DN 40 MM, JUNTA SOLDÁVEL, FORNECIDO E INSTALADO EM RAMAL DE DESCARGA OU RAMAL DE ESGOTO SANITÁRIO. AF_08/2022 | F146: UN | G146: 7 | H146: 13.02 | I146: 16.27 | J146: 113.89 | K146: 0.00016294346
B147: 6.2.9 | C147: 89746 | D147: SINAPI | E147: JOELHO 45 GRAUS, PVC, SERIE NORMAL, ESGOTO PREDIAL, DN 100 MM, JUNTA ELÁSTICA, FORNECIDO E INSTALADO EM RAMAL DE DESCARGA OU RAMAL DE ESGOTO SANITÁRIO. AF_08/2022 | F147: UN | G147: 6 | H147: 27.81 | I147: 34.76 | J147: 208.56 | K147: 0.0002983887
B148: 6.2.10 | C148: 89726 | D148: SINAPI | E148: JOELHO 45 GRAUS, PVC, SERIE NORMAL, ESGOTO PREDIAL, DN 40 MM, JUNTA SOLDÁVEL, FORNECIDO E INSTALADO EM RAMAL DE DESCARGA OU RAMAL DE ESGOTO SANITÁRIO. AF_08/2022 | F148: UN | G148: 6 | H148: 10.27 | I148: 12.83 | J148: 76.98 | K148: 0.00011013599
B149: 6.2.11 | C149: 89732 | D149: SINAPI | E149: JOELHO 45 GRAUS, PVC, SERIE NORMAL, ESGOTO PREDIAL, DN 50 MM, JUNTA ELÁSTICA, FORNECIDO E INSTALADO EM RAMAL DE DESCARGA OU RAMAL DE ESGOTO SANITÁRIO. AF_08/2022 | F149: UN | G149: 18 | H149: 15.14 | I149: 18.92 | J149: 340.56 | K149: 0.0004872423
...

Sheet 3 - Composições
D3: ='1 - Orçamento Resumido'!E3 -> PREFEITURA MUNICIPAL DE RIO BRILHANTE | G3: BANCOS:
D4: ='1 - Orçamento Resumido'!E4 -> RUA THAYDE NOGUEIRA, Nº 1033, CENTRO | F4: ENCARGOS SOCIAIS | G4: ='1 - Orçamento Resumido'!K4 -> SINAP 06/2025 - MS
D5: ='1 - Orçamento Resumido'!E5 -> CNPJ: 03.681.582/0001-07 | F5: ='1 - Orçamento Resumido'!G5 -> SEM DESONERAÇÃO | G5: ='1 - Orçamento Resumido'!K5 -> AGESUL 06/2025
D6: {='1 - Orçamento Resumido'!E6:F7} -> OBRA: REFORMA ESF ANTÔNIO APARECIDO BITENCOURT | E6: 0
D7: 0 | E7: 0 | F7: ='1 - Orçamento Resumido'!G7 -> HORISTA: 107,52% | G7: ='1 - Orçamento Resumido'!K7 -> BDI: 25,00%
D8: {='1 - Orçamento Resumido'!E8:F8} -> LOCAL: RUA 16 DE JUNHO, 692 DISTRITO DE PRUDÊNCIO THOMAZ - RIO BRILHANTE - MS | E8: 0 | F8: ='1 - Orçamento Resumido'!G8 -> MENSALISTA: 64,8%
B10: COMPOSIÇÕES COM PREÇO UNITÁRIO
B12: ITEM | C12: CÓDIGO | D12: BANCO | E12: DESCRIÇÃO | F12: TIPO | H12: UND | I12: QUANT | J12: VALOR UNIT | K12: TOTAL
B14: 1.1 | C14: Código | D14: Banco | E14: Descrição | F14: Tipo | H14: Und | I14: Quant. | J14: Valor Unit | K14: Total
B15: Composição | C15: 103689 | D15: SINAPI | E15: FORNECIMENTO E INSTALAÇÃO DE PLACA DE OBRA COM CHAPA GALVANIZADA E ESTRUTURA DE MADEIRA. AF_03/2022_PS | F15: Sinalização Vertical Viária | H15: m² | I15: 1 | J15: 455.88 | K15: 455.88
B16: Composição Auxiliar | C16: 88316 | D16: SINAPI | E16: SERVENTE COM ENCARGOS COMPLEMENTARES | F16: Livro SINAPI: Cálculos e Parâmetros | H16: H | I16: 1.1186 | J16: 20.74 | K16: 23.19
B17: Composição Auxiliar | C17: 102234 | D17: SINAPI | E17: PINTURA IMUNIZANTE PARA MADEIRA, 2 DEMÃOS. AF_01/2021 | F17: Pintura em Madeira | H17: m² | I17: 0.5 | J17: 22.5 | K17: 11.25
B18: Composição Auxiliar | C18: 88262 | D18: SINAPI | E18: CARPINTEIRO DE FORMAS COM ENCARGOS COMPLEMENTARES | F18: Livro SINAPI: Cálculos e Parâmetros | H18: H | I18: 0.3729 | J18: 25.35 | K18: 9.45
B19: Insumo | C19: 00005069 | D19: SINAPI | E19: PREGO DE ACO POLIDO COM CABECA 17 X 27 (2 1/2 X 11) | F19: Material | H19: KG | I19: 0.0132 | J19: 20.63 | K19: 0.27
B20: Insumo | C20: 00004813 | D20: SINAPI | E20: PLACA DE OBRA (PARA CONSTRUCAO CIVIL) EM CHAPA GALVANIZADA *N. 22*, ADESIVADA, DE *2,4 X 1,2* M (SEM POSTES PARA FIXACAO) | F20: Material | H20: m² | I20: 1 | J20: 400 | K20: 400
B21: Insumo | C21: 00004509 | D21: SINAPI | E21: SARRAFO *2,5 X 10* CM EM PINUS, MISTA OU EQUIVALENTE DA REGIAO - BRUTA | F21: Material | H21: M | I21: 3.2083 | J21: 3.52 | K21: 11.29
B22: Insumo | C22: 00005065 | D22: SINAPI | E22: PREGO DE ACO POLIDO COM CABECA 10 X 10 (7/8 X 17) | F22: Material | H22: KG | I22: 0.0113 | J22: 38.51 | K22: 0.43
F23: MO sem LS => | G23: 13.46 | H23: LS => | I23: 14.48 | J23: MO com LS => | K23: 27.94
F24: Valor do BDI => | G24: 113.97 | I24: Valor com BDI => | K24: 569.85
B26: 1.2 | C26: Código | D26: Banco | E26: Descrição | F26: Tipo | H26: Und | I26: Quant. | J26: Valor Unit | K26: Total
B27: Composição | C27: 0101001131 | D27: AGESUL | E27: TAPUME COM TELHA TRAPEZOIDAL EM ACO GALVANIZADO, ESP=0,50MM, ESTRUTURA EM MADEIRA NAO APARELHADA (REAPROVEITAMENTO DA TELHA DE 3X), INCLUSO PINTURA LATEX EXTERNAMENTE | F27: CANTEIRO DE OBRAS | H27: m² | I27: 1 | J27: 74.92 | K27: 74.92
B28: Insumo | C28: 1669 | D28: AGESUL | E28: CONCRETO MAGRO PARA LASTRO, TRACO 1:4,5:4,5 (EM MASSA SECA DE CIMENTO/ AREIA MEDIA/ BRITA 1) - PREPARO MANUAL. AF_05/2021 - SINAPI -94974 | F28: Material | H28: m³ | I28: 0.0012 | J28: 436.25 | K28: 0.52
B29: Insumo | C29: 1023 | D29: AGESUL | E29: CAIBRO NAO APARELHADO *5 X 6* CM, EM MACARANDUBA/MASSARANDUBA, ANGELIM OU EQUIVALENTE DA REGIAO - BRUTA - SINAPI -00004430 | F29: Material | H29: M | I29: 1.2273 | J29: 13.7 | K29: 16.81
B30: Insumo | C30: 4003 | D30: AGESUL | E30: CARPINTEIRO DE FORMAS COM ENCARGOS COMPLEMENTARES - SINAPI -88262 | F30: Mão de Obra | H30: H | I30: 0.5691 | J30: 25.35 | K30: 14.42
B31: Insumo | C31: 4031 | D31: AGESUL | E31: AJUDANTE DE CARPINTEIRO COM ENCARGOS COMPLEMENTARES - SINAPI -88239 | F31: Mão de Obra | H31: H | I31: 0.1897 | J31: 21.06 | K31: 3.99
B32: Insumo | C32: 1747 | D32: AGESUL | E32: PINTURA LATEX ACRILICA ECONÔMICA, APLICACAO MANUAL EM PAREDES, DUAS DEMAOS. AF_04/2023 - SINAPI -104641 | F32: Material | H32: m² | I32: 1 | J32: 8.71 | K32: 8.71
B33: Insumo | C33: 8540 | D33: AGESUL | E33: TELHA TRAPEZOIDAL EM ACO ZINCADO, SEM PINTURA, ALTURA DE APROXIMADAMENTE 40 MM, ESPESSURA DE 0,50 MM E LARGURA UTIL DE 980 MM - SINAPI -00007243 | F33: Material | H33: m² | I33: 0.35 | J33: 49.84 | K33: 17.44
B34: Insumo | C34: 1664 | D34: AGESUL | E34: TABUA *2,5 X 30 CM EM PINUS, MISTA OU EQUIVALENTE DA REGIAO - BRUTA - SINAPI -00006212 | F34: Material | H34: M | I34: 1 | J34: 11.5 | K34: 11.5
B35: Insumo | C35: 1631 | D35: AGESUL | E35: SERRA CIRCULAR DE BANCADA COM MOTOR ELETRICO POTENCIA DE 5HP, COM COIFA PARA DISCO 10" - CHI DIURNO. AF_08/2015 - SINAPI -91693 | F35: Material | H35: CHI | I35: 0.0191 | J35: 28.9 | K35: 0.55
B36: Insumo | C36: 1630 | D36: AGESUL | E36: SERRA CIRCULAR DE BANCADA COM MOTOR ELETRICO POTENCIA DE 5HP, COM COIFA PARA DISCO 10" - CHP DIURNO. AF_08/2015 - SINAPI -91692 | F36: Material | H36: CHP | I36: 0.0044 | J36: 30.46 | K36: 0.13
B37: Insumo | C37: 7433 | D37: AGESUL | E37: PREGO DE ACO POLIDO COM CABECA 18 X 27 (2 1/2 X 10) - SINAPI -00005061 | F37: Material | H37: KG | I37: 0.0428 | J37: 19.9 | K37: 0.85
F38: MO sem LS => | G38: 8.87 | H38: LS => | I38: 9.54 | J38: MO com LS => | K38: 18.41
F39: Valor do BDI => | G39: 18.73 | I39: Valor com BDI => | K39: 93.65
B41: 1.3 | C41: Código | D41: Banco | E41: Descrição | F41: Tipo | H41: Und | I41: Quant. | J41: Valor Unit | K41: Total
B42: Composição | C42: 2001004006 | D42: AGESUL | E42: LOCACAO MENSAL DE ANDAIME TUBULAR METALICO TIPO TORRE, COM LARGURA DE 1,00 ATE 1,50M E H=1,00M, INCLUSO A PRIMEIRA MONTAGEM E DESMONTAGEM | F42: SERVICOS COMPLEMENTARES | H42: M | I42: 1 | J42: 54.56 | K42: 54.56
B43: Insumo | C43: 4057 | D43: AGESUL | E43: MONTADOR DE ESTRUTURA METALICA COM ENCARGOS COMPLEMENTARES - SINAPI -88278 | F43: Mão de Obra | H43: H | I43: 0.402 | J43: 28.38 | K43: 11.4
B44: Insumo | C44: 2756 | D44: AGESUL | E44: TRANSPORTE HORIZONTAL MANUAL, DE TUBO DE ACO CARBONO LEVE OU MEDIO, PRETO OU GALVANIZADO, COM DIAMETRO MAIOR QUE 32 MM E MENOR OU IGUAL A 65 MM (UNIDADE: MXKM). AF_07/2019 - SINAPI -100251 | F44: Material | H44: MXKM | I44: 0.402 | J44: 12.68 | K44: 5.09
B45: Insumo | C45: 4014 | D45: AGESUL | E45: SERVENTE COM ENCARGOS COMPLEMENTARES - SINAPI -88316 | F45: Mão de Obra | H45: H | I45: 0.1 | J45: 20.74 | K45: 2.07
B46: Insumo | C46: 1509 | D46: AGESUL | E46: LOCACAO DE ANDAIME METALICO TUBULAR DE ENCAIXE, TIPO DE TORRE, CADA PAINEL COM LARGURA DE 1 ATE 1,5 M E ALTURA DE *1,00* M, INCLUINDO DIAGONAL, BARRAS DE LIGACAO, SAPATAS OU RODIZIOS E DEMAIS ITENS NECESSARIOS A MONTAGEM (NAO INCLUI INSTALACAO) - SINAPI -00010527 | F46: Material | H46: MXME | I46: 1 | J46: 36 | K46: 36
F47: MO sem LS => | G47: 6.49 | H47: LS => | I47: 6.98 | J47: MO com LS => | K47: 13.47
F48: Valor do BDI => | G48: 13.64 | I48: Valor com BDI => | K48: 68.2
B50: 1.4 | C50: Código | D50: Banco | E50: Descrição | F50: Tipo | H50: Und | I50: Quant. | J50: Valor Unit | K50: Total
B51: Composição | C51: 0101001181 | D51: AGESUL | E51: LOCACAO DE CONTAINER PARA DEPOSITO DE (2,30 X 6,00)M, ALT. 2,50M, SEM DIVISORIAS INTERNAS E SEM SANITARIO, EXC TRANSP/CARGA/DESCARGA | F51: CANTEIRO DE OBRAS | H51: MES | I51: 1 | J51: 705.85 | K51: 705.85
B52: Insumo | C52: 3497 | D52: AGESUL | E52: LOCACAO DE CONTAINER PARA DEPOSITO DE (2,30 X 6,00)M, ALT. 2,50M, SEM DIVISORIAS INTERNAS E SEM SANITARIO, EXCL TRANSP/CARGA/DESCARGA (SINAPI 10776) | F52: Material | H52: MES | I52: 1 | J52: 705.85 | K52: 705.85
F53: MO sem LS => | G53: 0 | H53: LS => | I53: 0 | J53: MO com LS => | K53: 0
F54: Valor do BDI => | G54: 176.46 | I54: Valor com BDI => | K54: 882.31
B56: 1.5 | C56: Código | D56: Banco | E56: Descrição | F56: Tipo | H56: Und | I56: Quant. | J56: Valor Unit | K56: Total
B57: Composição | C57: 0101001196 | D57: AGESUL | E57: MOBILIZACAO E DESMOBILIZACAO DE CONTAINER | F57: CANTEIRO DE OBRAS | H57: UN | I57: 1 | J57: 1083.76 | K57: 1083.76
B58: Insumo | C58: 6614 | D58: AGESUL | E58: GUINDAUTO HIDRAULICO, CAPACIDADE MAXIMA DE CARGA 6200 KG, MOMENTO MAXIMO DE CARGA 11,7 TM, ALCANCE MAXIMO HORIZONTAL 9,70 M, INCLUSIVE CAMINHAO TOCO PBT 16.000 KG, POTENCIA DE 189 CV - CHP DIURNO. AF_06/2014 - SINAPI -5928 | F58: Material | H58: CHP | I58: 4 | J58: 270.94 | K58: 1083.76
F59: MO sem LS => | G59: 0 | H59: LS => | I59: 0 | J59: MO com LS => | K59: 0
F60: Valor do BDI => | G60: 270.94 | I60: Valor com BDI => | K60: 1354.7
B62: 2.1 | C62: Código | D62: Banco | E62: Descrição | F62: Tipo | H62: Und | I62: Quant. | J62: Valor Unit | K62: Total
B63: Composição | C63: 97625 | D63: SINAPI | E63: DEMOLIÇÃO DE ALVENARIA PARA QUALQUER TIPO DE BLOCO, DE FORMA MECANIZADA, SEM REAPROVEITAMENTO. AF_09/2023 | F63: Demolições e Remoções | H63: m³ | I63: 1 | J63: 50.16 | K63: 50.16
B64: Composição Auxiliar | C64: 5942 | D64: SINAPI | E64: PÁ CARREGADEIRA SOBRE RODAS, POTÊNCIA LÍQUIDA 128 HP, CAPACIDADE DA CAÇAMBA 1,7 A 2,8 M3, PESO OPERACIONAL 11632 KG - CHI DIURNO. AF_06/2014 | F64: Custos Horários Produtivo e Improdutivo dos Equipamentos | H64: CHI | I64: 0.1394 | J64: 74.64 | K64: 10.4
B65: Composição Auxiliar | C65: 5940 | D65: SINAPI | E65: PÁ CARREGADEIRA SOBRE RODAS, POTÊNCIA LÍQUIDA 128 HP, CAPACIDADE DA CAÇAMBA 1,7 A 2,8 M3, PESO OPERACIONAL 11632 KG - CHP DIURNO. AF_06/2014 | F65: Custos Horários Produtivo e Improdutivo dos Equipamentos | H65: CHP | I65: 0.24 | J65: 165.67 | K65: 39.76
F66: MO sem LS => | G66: 4.3 | H66: LS => | I66: 4.64 | J66: MO com LS => | K66: 8.94
F67: Valor do BDI => | G67: 12.54 | I67: Valor com BDI => | K67: 62.7
B69: 2.2 | C69: Código | D69: Banco | E69: Descrição | F69: Tipo | H69: Und | I69: Quant. | J69: Valor Unit | K69: Total
B70: Composição | C70: 0201001048 | D70: AGESUL | E70: DEMOLICAO DE PISO CERAMICO, DE FORMA MECANIZADA, SEM REAPROVEITAMENRO | F70: DEMOLICOES E RETIRADAS | H70: m² | I70: 1 | J70: 7.15 | K70: 7.15
B71: Insumo | C71: 1582 | D71: AGESUL | E71: MARTELETE OU ROMPEDOR PNEUMATICO MANUAL, 28 KG, COM SILENCIADOR - CHP DIURNO. AF_07/2016 - SINAPI -5795 | F71: Material | H71: CHP | I71: 0.0603 | J71: 29.73 | K71: 1.79
B72: Insumo | C72: 4011 | D72: AGESUL | E72: PEDREIRO COM ENCARGOS COMPLEMENTARES - SINAPI -88309 | F72: Mão de Obra | H72: H | I72: 0.0383 | J72: 25.75 | K72: 0.98
B73: Insumo | C73: 1583 | D73: AGESUL | E73: MARTELETE OU ROMPEDOR PNEUMATICO MANUAL, 28 KG, COM SILENCIADOR - CHI DIURNO. AF_07/2016 - SINAPI -5952 | F73: Material | H73: CHI | I73: 0.0788 | J73: 27.31 | K73: 2.15
B74: Insumo | C74: 4014 | D74: AGESUL | E74: SERVENTE COM ENCARGOS COMPLEMENTARES - SINAPI -88316 | F74: Mão de Obra | H74: H | I74: 0.1079 | J74: 20.74 | K74: 2.23
F75: MO sem LS => | G75: 1.54 | H75: LS => | I75: 1.67 | J75: MO com LS => | K75: 3.21
F76: Valor do BDI => | G76: 1.78 | I76: Valor com BDI => | K76: 8.93
B78: 2.3 | C78: Código | D78: Banco | E78: Descrição | F78: Tipo | H78: Und | I78: Quant. | J78: Valor Unit | K78: Total
B79: Composição | C79: 97629 | D79: SINAPI | E79: DEMOLIÇÃO DE LAJES, EM CONCRETO ARMADO, DE FORMA MECANIZADA COM MARTELETE, SEM REAPROVEITAMENTO. AF_09/2023 | F79: Demolições e Remoções | H79: m³ | I79: 1 | J79: 88.59 | K79: 88.59
B80: Composição Auxiliar | C80: 102275 | D80: SINAPI | E80: MARTELO DEMOLIDOR ELÉTRICO, COM POTÊNCIA DE 2.000 W, 1.000 IMPACTOS POR MINUTO, PESO DE 30 KG - CHP DIURNO. AF_01/2021 | F80: Custos Horários Produtivo e Improdutivo dos Equipamentos | H80: CHP | I80: 1.5122 | J80: 28.9 | K80: 43.7
B81: Composição Auxiliar | C81: 88309 | D81: SINAPI | E81: PEDREIRO COM ENCARGOS COMPLEMENTARES | F81: Livro SINAPI: Cálculos e Parâmetros | H81: H | I81: 0.0947 | J81: 25.75 | K81: 2.43
B82: Composição Auxiliar | C82: 88316 | D82: SINAPI | E82: SERVENTE COM ENCARGOS COMPLEMENTARES | F82: Livro SINAPI: Cálculos e Parâmetros | H82: H | I82: 0.5873 | J82: 20.74 | K82: 12.18
B83: Composição Auxiliar | C83: 102274 | D83: SINAPI | E83: MARTELO DEMOLIDOR ELÉTRICO, COM POTÊNCIA DE 2.000 W, 1.000 IMPACTOS POR MINUTO, PESO DE 30 KG - CHI DIURNO. AF_01/2021 | F83: Custos Horários Produtivo e Improdutivo dos Equipamentos | H83: CHI | I83: 1.1662 | J83: 25.97 | K83: 30.28
F84: MO sem LS => | G84: 30.71 | H84: LS => | I84: 33.02 | J84: MO com LS => | K84: 63.73
F85: Valor do BDI => | G85: 22.14 | I85: Valor com BDI => | K85: 110.73
B87: 2.4 | C87: Código | D87: Banco | E87: Descrição | F87: Tipo | H87: Und | I87: Quant. | J87: Valor Unit | K87: Total
B88: Composição | C88: 0201004084 | D88: AGESUL | E88: RETIRADA DE BALCAO E BANCADAS DE GRANITO, SEM REAPROVEITAMENTO | F88: DEMOLICOES E RETIRADAS | H88: m² | I88: 1 | J88: 46.49 | K88: 46.49
B89: Insumo | C89: 4014 | D89: AGESUL | E89: SERVENTE COM ENCARGOS COMPLEMENTARES - SINAPI -88316 | F89: Mão de Obra | H89: H | I89: 1 | J89: 20.74 | K89: 20.74
B90: Insumo | C90: 4011 | D90: AGESUL | E90: PEDREIRO COM ENCARGOS COMPLEMENTARES - SINAPI -88309 | F90: Mão de Obra | H90: H | I90: 1 | J90: 25.75 | K90: 25.75
F91: MO sem LS => | G91: 22.4 | H91: LS => | I91: 24.09 | J91: MO com LS => | K91: 46.49
F92: Valor do BDI => | G92: 11.62 | I92: Valor com BDI => | K92: 58.11
B94: 2.5 | C94: Código | D94: Banco | E94: Descrição | F94: Tipo | H94: Und | I94: Quant. | J94: Valor Unit | K94: Total
B95: Composição | C95: 97663 | D95: SINAPI | E95: REMOÇÃO DE LOUÇAS, DE FORMA MANUAL, SEM REAPROVEITAMENTO. AF_09/2023 | F95: Demolições e Remoções | H95: UN | I95: 1 | J95: 12.11 | K95: 12.11
B96: Composição Auxiliar | C96: 88316 | D96: SINAPI | E96: SERVENTE COM ENCARGOS COMPLEMENTARES | F96: Livro SINAPI: Cálculos e Parâmetros | H96: H | I96: 0.4096 | J96: 20.74 | K96: 8.49
B97: Composição Auxiliar | C97: 88267 | D97: SINAPI | E97: ENCANADOR OU BOMBEIRO HIDRÁULICO COM ENCARGOS COMPLEMENTARES | F97: Livro SINAPI: Cálculos e Parâmetros | H97: H | I97: 0.1448 | J97: 25.04 | K97: 3.62
F98: MO sem LS => | G98: 4.23 | H98: LS => | I98: 4.56 | J98: MO com LS => | K98: 8.79
F99: Valor do BDI => | G99: 3.02 | I99: Valor com BDI => | K99: 15.13
B101: 2.6 | C101: Código | D101: Banco | E101: Descrição | F101: Tipo | H101: Und | I101: Quant. | J101: Valor Unit | K101: Total
B102: Composição | C102: 97666 | D102: SINAPI | E102: REMOÇÃO DE METAIS SANITÁRIOS, DE FORMA MANUAL, SEM REAPROVEITAMENTO. AF_09/2023 | F102: Demolições e Remoções | H102: UN | I102: 1 | J102: 8.83 | K102: 8.83
B103: Composição Auxiliar | C103: 88267 | D103: SINAPI | E103: ENCANADOR OU BOMBEIRO HIDRÁULICO COM ENCARGOS COMPLEMENTARES | F103: Livro SINAPI: Cálculos e Parâmetros | H103: H | I103: 0.1056 | J103: 25.04 | K103: 2.64
B104: Composição Auxiliar | C104: 88316 | D104: SINAPI | E104: SERVENTE COM ENCARGOS COMPLEMENTARES | F104: Livro SINAPI: Cálculos e Parâmetros | H104: H | I104: 0.2986 | J104: 20.74 | K104: 6.19
F105: MO sem LS => | G105: 3.08 | H105: LS => | I105: 3.33 | J105: MO com LS => | K105: 6.41
F106: Valor do BDI => | G106: 2.2 | I106: Valor com BDI => | K106: 11.03
B108: 2.7 | C108: Código | D108: Banco | E108: Descrição | F108: Tipo | H108: Und | I108: Quant. | J108: Valor Unit | K108: Total
B109: Composição | C109: 104790 | D109: SINAPI | E109: DEMOLIÇÃO DE PISO DE CONCRETO SIMPLES, DE FORMA MECANIZADA COM MARTELETE, SEM REAPROVEITAMENTO. AF_09/2023 | F109: Demolições e Remoções | H109: m³ | I109: 1 | J109: 111.95 | K109: 111.95
B110: Composição Auxiliar | C110: 88309 | D110: SINAPI | E110: PEDREIRO COM ENCARGOS COMPLEMENTARES | F110: Livro SINAPI: Cálculos e Parâmetros | H110: H | I110: 0.0722 | J110: 25.75 | K110: 1.85
B111: Composição Auxiliar | C111: 5952 | D111: SINAPI | E111: MARTELETE OU ROMPEDOR PNEUMÁTICO MANUAL, 28 KG, COM SILENCIADOR - CHI DIURNO. AF_07/2016 | F111: Custos Horários Produtivo e Improdutivo dos Equipamentos | H111: CHI | I111: 0.8695 | J111: 27.31 | K111: 23.74
B112: Composição Auxiliar | C112: 90964 | D112: SINAPI | E112: COMPRESSOR DE AR REBOCÁVEL, VAZÃO 89 PCM, PRESSÃO EFETIVA DE TRABALHO 102 PSI, MOTOR DIESEL, POTÊNCIA 20 CV - CHP DIURNO. AF_06/2015 | F112: Custos Horários Produtivo e Improdutivo dos Equipamentos | H112: CHP | I112: 1.137 | J112: 31.63 | K112: 35.96
B113: Composição Auxiliar | C113: 90965 | D113: SINAPI | E113: COMPRESSOR DE AR REBOCÁVEL, VAZÃO 89 PCM, PRESSÃO EFETIVA DE TRABALHO 102 PSI, MOTOR DIESEL, POTÊNCIA 20 CV - CHI DIURNO. AF_06/2015 | F113: Custos Horários Produtivo e Improdutivo dos Equipamentos | H113: CHI | I113: 0.8695 | J113: 8.42 | K113: 7.32
B114: Composição Auxiliar | C114: 88316 | D114: SINAPI | E114: SERVENTE COM ENCARGOS COMPLEMENTARES | F114: Livro SINAPI: Cálculos e Parâmetros | H114: H | I114: 0.4479 | J114: 20.74 | K114: 9.28
B115: Composição Auxiliar | C115: 5795 | D115: SINAPI | E115: MARTELETE OU ROMPEDOR PNEUMÁTICO MANUAL, 28 KG, COM SILENCIADOR - CHP DIURNO. AF_07/2016 | F115: Custos Horários Produtivo e Improdutivo dos Equipamentos | H115: CHP | I115: 1.137 | J115: 29.73 | K115: 33.8
F116: MO sem LS => | G116: 23.07 | H116: LS => | I116: 24.82 | J116: MO com LS => | K116: 47.89
...

Sheet 4 -Cronograma Físico Financeiro
C3: ='1 - Orçamento Resumido'!E3 -> PREFEITURA MUNICIPAL DE RIO BRILHANTE | G3: BANCOS:
C4: ='1 - Orçamento Resumido'!E4 -> RUA THAYDE NOGUEIRA, Nº 1033, CENTRO | E4: ENCARGOS SOCIAIS | G4: ='1 - Orçamento Resumido'!K4 -> SINAP 06/2025 - MS
C5: ='1 - Orçamento Resumido'!E5 -> CNPJ: 03.681.582/0001-07 | E5: ='1 - Orçamento Resumido'!G5 -> SEM DESONERAÇÃO | G5: ='1 - Orçamento Resumido'!K5 -> AGESUL 06/2025
C6: {='1 - Orçamento Resumido'!E6:F7} -> OBRA: REFORMA ESF ANTÔNIO APARECIDO BITENCOURT | D6: 0
C7: 0 | D7: 0 | E7: ='1 - Orçamento Resumido'!G7 -> HORISTA: 107,52% | G7: ='1 - Orçamento Resumido'!K7 -> BDI: 25,00%
C8: {='1 - Orçamento Resumido'!E8:F8} -> LOCAL: RUA 16 DE JUNHO, 692 DISTRITO DE PRUDÊNCIO THOMAZ - RIO BRILHANTE - MS | D8: 0 | E8: ='1 - Orçamento Resumido'!G8 -> MENSALISTA: 64,8%
B10: CRONOGRAMA FÍSICO FINANCEIRO
B11: Item | C11: Descrição | G11: Total Por Etapa | H11: 30 DIAS | I11: 60 DIAS | J11: 90 DIAS
B12: 1 | C12: SERVIÇOS PRELIMINARES | G12: 100,00% 14.410,05 | H12: 86,00% 12.392,64 | I12: 7,00% 1.008,70 | J12: 7,00% 1.008,70
B13: 2 | C13: DEMOLIÇÕES E RETIRADAS | G13: 100,00% 25.339,92 | H13: 100,00% 25.339,92
B14: 3 | C14: INFRAESTRUTURA | G14: 100,00% 17.776,17 | H14: 100,00% 17.776,17
B15: 4 | C15: SUPRAESTRUTURA | G15: 100,00% 11.326,82 | H15: 50,00% 5.663,41 | I15: 50,00% 5.663,41
B16: 5 | C16: ALVENARIA | G16: 100,00% 40.425,09 | H16: 40,00% 16.170,04 | I16: 60,00% 24.255,05
B17: 6 | C17: INSTALAÇÕES HIDROSSANITÁRIAS | G17: 100,00% 39.357,75 | H17: 60,00% 23.614,65 | I17: 40,00% 15.743,10
B18: 7 | C18: INSTALAÇÕES ELÉTRICAS | G18: 100,00% 60.909,60 | H18: 60,00% 36.545,76 | I18: 20,00% 12.181,92 | J18: 20,00% 12.181,92
B19: 8 | C19: ESQUADRIAS E FERRAGENS | G19: 100,00% 74.033,67 | I19: 40,00% 29.613,47 | J19: 60,00% 44.420,20
B20: 9 | C20: REVESTIMENTO | G20: 100,00% 71.046,50 | I20: 20,00% 14.209,30 | J20: 80,00% 56.837,20
B21: 10 | C21: PINTURA | G21: 100,00% 99.089,64 | I21: 30,00% 29.726,89 | J21: 70,00% 69.362,75
B22: 11 | C22: COBERTURA | G22: 100,00% 141.856,35 | H22: 60,00% 85.113,81 | I22: 40,00% 56.742,54
B23: 12 | C23: LOUÇAS, PEDRAS E METAIS | G23: 100,00% 14.294,49 | I23: 20,00% 2.858,90 | J23: 80,00% 11.435,59
B24: 13 | C24: PTS | G24: 100,00% 6.096,28 | J24: 100,00% 6.096,28
B25: 14 | C25: SERVIÇOS COMPLEMENTARES | G25: 100,00% 49.487,35 | H25: 20,00% 9.897,47 | I25: 40,00% 19.794,94 | J25: 40,00% 19.794,94
B26: 15 | C26: SERVIÇOS FINAIS | G26: 100,00% 2.023,00 | J26: 100,00% 2.023,00
B27: 16 | C27: ADMINISTRAÇÃO LOCAL | G27: 100,00% 31.481,41 | H27: 33,33% 10.492,75 | I27: 33,33% 10.492,75 | J27: 33,34% 10.495,90
B28: Porcentagem | H28: 34,77% | I28: 31,8% | J28: 33,43%
B29: Custo | H29: 243.006,62 | I29: 222.290,97 | J29: 233.656,48
B30: Porcentagem Acumulado | H30: 34,77% | I30: 66,57% | J30: 100,0%
B31: Custo Acumulado | H31: 243.006,62 | I31: 465.297,59 | J31: 698.954,09

Sheet 5 - Memória de Cálculo
D3: ='1 - Orçamento Resumido'!E3 -> PREFEITURA MUNICIPAL DE RIO BRILHANTE | G3: BANCOS:
D4: ='1 - Orçamento Resumido'!E4 -> RUA THAYDE NOGUEIRA, Nº 1033, CENTRO | F4: ENCARGOS SOCIAIS | G4: ='1 - Orçamento Resumido'!K4 -> SINAP 06/2025 - MS
D5: ='1 - Orçamento Resumido'!E5 -> CNPJ: 03.681.582/0001-07 | F5: ='[1]1 - Orçamento Resumido'!G5 -> SEM DESONERAÇÃO | G5: ='1 - Orçamento Resumido'!K5 -> AGESUL 06/2025
D6: ='1 - Orçamento Resumido'!E6 -> OBRA: REFORMA ESF ANTÔNIO APARECIDO BITENCOURT
F7: ='1 - Orçamento Resumido'!G7 -> HORISTA: 107,52% | G7: ='1 - Orçamento Resumido'!K7 -> BDI: 25,00%
D8: ='1 - Orçamento Resumido'!E8 -> LOCAL: RUA 16 DE JUNHO, 692 DISTRITO DE PRUDÊNCIO THOMAZ - RIO BRILHANTE - MS | F8: ='1 - Orçamento Resumido'!G8 -> MENSALISTA: 64,8%
B10: MEMÓRIA DE CÁLCULO
B11: Item | C11: Código | D11: Banco | E11: Descrição | F11: Und | G11: Quant. | H11: Valor Unit | I11: Valor Unit com BDI | J11: Total | K11: Peso (%)
B12: 1 | E12: SERVIÇOS PRELIMINARES | G12: 1 | I12: 14410.05 | J12: 14410.05 | K12: 0.02061659
B13: 1.1 | C13: 103689 | D13: SINAPI | E13: FORNECIMENTO E INSTALAÇÃO DE PLACA DE OBRA COM CHAPA GALVANIZADA E ESTRUTURA DE MADEIRA. AF_03/2022_PS | F13: m² | G13: 8 | H13: 455.88 | I13: 569.85 | J13: 4558.8 | K13: 0.0065223168
B14: Local | E14: Descrição | F14: Fórmula | J14: Quantidade
E15: Altura x comprimento | F15: 2*4 | J15: 8
B16: 1.2 | C16: 0101001131 | D16: AGESUL | E16: TAPUME COM TELHA TRAPEZOIDAL EM ACO GALVANIZADO, ESP=0,50MM, ESTRUTURA EM MADEIRA NAO APARELHADA (REAPROVEITAMENTO DA TELHA DE 3X), INCLUSO PINTURA LATEX EXTERNAMENTE | F16: m² | G16: 42.8 | H16: 74.92 | I16: 93.65 | J16: 4008.22 | K16: 0.005734597
B17: Local | E17: Descrição | F17: Fórmula | J17: Quantidade
E18: Conforme Projeto Arquitetônico, serviços preliminares, ARQ 06/06 | F18: 42,80 | J18: 42.8
B19: 1.3 | C19: 2001004006 | D19: AGESUL | E19: LOCACAO MENSAL DE ANDAIME TUBULAR METALICO TIPO TORRE, COM LARGURA DE 1,00 ATE 1,50M E H=1,00M, INCLUSO A PRIMEIRA MONTAGEM E DESMONTAGEM | F19: M | G19: 27 | H19: 54.56 | I19: 68.2 | J19: 1841.4 | K19: 0.0026345078
B20: Local | E20: Descrição | F20: Fórmula | J20: Quantidade
E21: Prevista conforme demanda de serviços, altura x qtde torre x meses | F21: 3*3*3 | J21: 27
B22: 1.4 | C22: 0101001181 | D22: AGESUL | E22: LOCACAO DE CONTAINER PARA DEPOSITO DE (2,30 X 6,00)M, ALT. 2,50M, SEM DIVISORIAS INTERNAS E SEM SANITARIO, EXC TRANSP/CARGA/DESCARGA | F22: MES | G22: 3 | H22: 705.85 | I22: 882.31 | J22: 2646.93 | K22: 0.0037869869
B23: Local | E23: Descrição | F23: Fórmula | J23: Quantidade
E24: Conforme cronograma de execução | F24: 3 | J24: 3
B25: 1.5 | C25: 0101001196 | D25: AGESUL | E25: MOBILIZACAO E DESMOBILIZACAO DE CONTAINER | F25: UN | G25: 1 | H25: 1083.76 | I25: 1354.7 | J25: 1354.7 | K25: 0.0019381817
B26: Local | E26: Descrição | F26: Fórmula | J26: Quantidade
E27: Conforme necessidade da obra. | F27: 1 | J27: 1
B28: 2 | E28: DEMOLIÇÕES E RETIRADAS | G28: 1 | I28: 25339.92 | J28: 25339.92 | K28: 0.036254055
B29: 2.1 | C29: 97625 | D29: SINAPI | E29: DEMOLIÇÃO DE ALVENARIA PARA QUALQUER TIPO DE BLOCO, DE FORMA MECANIZADA, SEM REAPROVEITAMENTO. AF_09/2023 | F29: m³ | G29: 21.561 | H29: 50.16 | I29: 62.7 | J29: 1351.87 | K29: 0.0019341328
B30: Local | E30: Descrição | F30: Fórmula | J30: Quantidade
E31: Conforme Projeto Arquitetônico, prancha ARQ 02/06, quantitativo a demolir | F31: 143,74*0,15 | J31: 21.561
B32: 2.2 | C32: 0201001048 | D32: AGESUL | E32: DEMOLICAO DE PISO CERAMICO, DE FORMA MECANIZADA, SEM REAPROVEITAMENRO | F32: m² | G32: 275.13 | H32: 7.15 | I32: 8.93 | J32: 2456.91 | K32: 0.0035151236
B33: Local | E33: Descrição | F33: Fórmula | J33: Quantidade
E34: Conforme Projeto Arquitetônico, prancha ARQ 02/06, quantitativo a demolir | F34: 275,13 | J34: 275.13
B35: 2.3 | C35: 97629 | D35: SINAPI | E35: DEMOLIÇÃO DE LAJES, EM CONCRETO ARMADO, DE FORMA MECANIZADA COM MARTELETE, SEM REAPROVEITAMENTO. AF_09/2023 | F35: m³ | G35: 3.996 | H35: 88.59 | I35: 110.73 | J35: 442.47 | K35: 0.00063304587
B36: Local | E36: Descrição | F36: Fórmula | J36: Quantidade
E37: Conforme Projeto Arquitetônico, prancha ARQ 02/06, quantitativo a demolir | F37: 26,64*0,15 | J37: 3.996
B38: 2.4 | C38: 0201004084 | D38: AGESUL | E38: RETIRADA DE BALCAO E BANCADAS DE GRANITO, SEM REAPROVEITAMENTO | F38: m² | G38: 0.5 | H38: 46.49 | I38: 58.11 | J38: 29.05 | K38: 4.15621e-05
B39: Local | E39: Descrição | F39: Fórmula | J39: Quantidade
E40: Conforme Projeto Arquitetônico, prancha ARQ 02/06, quantitativo a demolir | F40: 0,50 | J40: 0.5
B41: 2.5 | C41: 97663 | D41: SINAPI | E41: REMOÇÃO DE LOUÇAS, DE FORMA MANUAL, SEM REAPROVEITAMENTO. AF_09/2023 | F41: UN | G41: 13 | H41: 12.11 | I41: 15.13 | J41: 196.69 | K41: 0.00028140618
B42: Local | E42: Descrição | F42: Fórmula | J42: Quantidade
E43: Conforme Projeto Arquitetônico, prancha ARQ 02/06, quantitativo a demolir | F43: 1+6+6 | J43: 13
B44: 2.6 | C44: 97666 | D44: SINAPI | E44: REMOÇÃO DE METAIS SANITÁRIOS, DE FORMA MANUAL, SEM REAPROVEITAMENTO. AF_09/2023 | F44: UN | G44: 6 | H44: 8.83 | I44: 11.03 | J44: 66.18 | K44: 9.468433e-05
B45: Local | E45: Descrição | F45: Fórmula | J45: Quantidade
E46: Conforme Projeto Arquitetônico, prancha ARQ 02/07, quantitativo a demolir | F46: 6 | J46: 6
B47: 2.7 | C47: 104790 | D47: SINAPI | E47: DEMOLIÇÃO DE PISO DE CONCRETO SIMPLES, DE FORMA MECANIZADA COM MARTELETE, SEM REAPROVEITAMENTO. AF_09/2023 | F47: m³ | G47: 0.824 | H47: 111.95 | I47: 139.93 | J47: 115.3 | K47: 0.00016496076
B48: Local | E48: Descrição | F48: Fórmula | J48: Quantidade
E49: Conforme Projeto Arquitetônico, prancha ARQ 02/06, quantitativo a demolir | F49: 16,48*0,05 | J49: 0.824
B50: 2.8 | C50: 97647 | D50: SINAPI | E50: REMOÇÃO DE TELHAS DE FIBROCIMENTO METÁLICA E CERÂMICA, DE FORMA MANUAL, SEM REAPROVEITAMENTO. AF_09/2023 | F50: m² | G50: 374.67 | H50: 3.41 | I50: 4.26 | J50: 1596.09 | K50: 0.0022835405
B51: Local | E51: Descrição | F51: Fórmula | J51: Quantidade
E52: Conforme Projeto Arquitetônico, prancha ARQ 02/06, quantitativo a demolir | F52: 281,14+44,18+49,35 | J52: 374.67
B53: 2.9 | C53: 97650 | D53: SINAPI | E53: REMOÇÃO DE TRAMA DE MADEIRA PARA COBERTURA, DE FORMA MANUAL, SEM REAPROVEITAMENTO. AF_09/2023 | F53: m² | G53: 374.67 | H53: 7.35 | I53: 9.18 | J53: 3439.47 | K53: 0.0049208811
B54: Local | E54: Descrição | F54: Fórmula | J54: Quantidade
E55: Conforme Projeto Arquitetônico, prancha ARQ 02/06, quantitativo a demolir | F55: 281,14+44,18+49,35 | J55: 374.67
B56: 2.10 | C56: 104803 | D56: SINAPI | E56: REMOÇÃO CALHAS E RUFOS, DE FORMA MANUAL, SEM REAPROVEITAMENTO. AF_09/2023 | F56: M | G56: 117.07 | H56: 4.38 | I56: 5.47 | J56: 640.37 | K56: 0.00091618321
B57: Local | E57: Descrição | F57: Fórmula | J57: Quantidade
E58: Conforme Projeto Arquitetônico, prancha ARQ 02/06, quantitativo a demolir | F58: 27,78+89,29 | J58: 117.07
B59: 2.11 | C59: 0201004004 | D59: AGESUL | E59: RETIRADA DE CUMEEIRA NORMAL OU ARTICULADA DE FIBROCIMENTO, SEM REAPROVEITAMENTO | F59: M | G59: 54.67 | H59: 3.01 | I59: 3.76 | J59: 205.55 | K59: 0.00029408226
B60: Local | E60: Descrição | F60: Fórmula | J60: Quantidade
E61: Conforme Projeto Arquitetônico, prancha ARQ 02/06, quantitativo a demolir | F61: 54,67 | J61: 54.67
B62: 2.12 | C62: 104802 | D62: SINAPI | E62: REMOÇÃO DE TELA DE ARAME GALVANIZADO DE ALAMBRADOS PARA QUADRAS POLIESPORTIVAS, DE FORMA MANUAL, SEM REMOÇÃO DA ESTRUTURA DE SUSTENTAÇÃO, SEM REAPROVEITAMENTO. AF_09/2023 | F62: m² | G62: 23.88 | H62: 9.09 | I62: 11.36 | J62: 271.27 | K62: 0.00038810847
B63: Local | E63: Descrição | F63: Fórmula | J63: Quantidade
E64: Conforme Projeto Arquitetônico, prancha ARQ 02/06, quantitativo a demolir | F64: 23,88 | J64: 23.88
B65: 2.13 | C65: 97634 | D65: SINAPI | E65: DEMOLIÇÃO DE REVESTIMENTO CERÂMICO, DE FORMA MECANIZADA COM MARTELETE, SEM REAPROVEITAMENTO. AF_09/2023 | F65: m² | G65: 121.33 | H65: 6.9 | I65: 8.62 | J65: 1045.86 | K65: 0.0014963215
B66: Local | E66: Descrição | F66: Fórmula | J66: Quantidade
E67: Conforme Projeto Arquitetônico, prancha ARQ 02/06, quantitativo a demolir | F67: 121,33 | J67: 121.33
B68: 2.14 | C68: 97644 | D68: SINAPI | E68: REMOÇÃO DE PORTAS, DE FORMA MANUAL, SEM REAPROVEITAMENTO. AF_09/2023 | F68: m² | G68: 9.975 | H68: 9.16 | I68: 11.45 | J68: 114.21 | K68: 0.00016340129
B69: Local | E69: Descrição | F69: Fórmula | J69: Quantidade
E70: Conforme Projeto Arquitetônico, prancha ARQ 02/06, quantitativo portas | F70: (0,80*2,10*3)+(2,35*2,10*1) | J70: 9.975
B71: 2.15 | C71: 97645 | D71: SINAPI | E71: REMOÇÃO DE JANELAS, DE FORMA MANUAL, SEM REAPROVEITAMENTO. AF_09/2023 | F71: m² | G71: 7 | H71: 23.67 | I71: 29.58 | J71: 207.06 | K71: 0.00029624263
B72: Local | E72: Descrição | F72: Fórmula | J72: Quantidade
E73: Conforme Projeto Arquitetônico, prancha ARQ 02/06, quantitativo janelas | F73: (1,50*1*2)+(2*1*2) | J73: 7
B74: 2.16 | C74: 0201002161 | D74: AGESUL | E74: LOCACAO DE CACAMBA (4M3) (7 DIAS) | F74: UN | G74: 25.806 | H74: 350 | I74: 437.5 | J74: 11290.12 | K74: 0.016152878
B75: Local | E75: Descrição | F75: Fórmula | J75: Quantidade
E76: Conforme Projeto Arquitetônico, prancha ARQ 02/06, quantitativo a demolir x empolamento dividido pelo volume da caçamba | F76: (((143,74*0,15)+(275,13*0,05)+(26,64*0,15)+(0,5*0,05)+(16,48*0,05)+(374,67*0,02)+(374,67*0,05)+(121,33*0,02))*1,5)/4 | J76: 25.806
B77: 2.17 | C77: 0201002160 | D77: AGESUL | E77: CARGA MANUAL DE ENTULHO EM CACAMBA | F77: m³ | G77: 103.224 | H77: 14.51 | I77: 18.13 | J77: 1871.45 | K77: 0.0026775006
B78: Local | E78: Descrição | F78: Fórmula | J78: Quantidade
E79: Conforme Projeto Arquitetônico, prancha ARQ 02/06, quantitativo a demolir x empolamento | F79: (((143,74*0,15)+(275,13*0,05)+(26,64*0,15)+(0,5*0,05)+(16,48*0,05)+(374,67*0,02)+(374,67*0,05)+(121,33*0,02))*1,5) | J79: 103.224
B80: 3 | E80: INFRAESTRUTURA | G80: 1 | I80: 17776.17 | J80: 17776.17 | K80: 0.025432529
B81: 3.1 | E81: ESTACA | G81: 1 | I81: 10792.8 | J81: 10792.8 | K81: 0.015441358
B82: 3.1.1 | C82: 0301000132 | D82: AGESUL | E82: ESTACA ESCAVADA MECANICAMENTE, SEM FLUIDO ESTABILIZANTE, COM 30CM DE DIAMETRO, CONCRETO 25MPA, LANCADO POR CAMINHAO BETONEIRA (EXCLUSIVE FERRAGENS, MOBILIZACAO E DESMOBILIZACAO) | F82: M | G82: 44 | H82: 72.87 | I82: 91.08 | J82: 4007.52 | K82: 0.0057335955
B83: Local | E83: Descrição | F83: Fórmula | J83: Quantidade
E84: Conforme Projeto Estrutural, prancha EST 01/04, estacas | F84: 11*4 | J84: 44
B85: 3.1.2 | C85: 95577 | D85: SINAPI | E85: MONTAGEM DE ARMADURA DE ESTACAS, DIÂMETRO = 10,0 MM. AF_09/2021_PS | F85: KG | G85: 134.3 | H85: 10.82 | I85: 13.52 | J85: 1815.73 | K85: 0.0025977815
B86: Local | E86: Descrição | F86: Fórmula | J86: Quantidade
E87: Conforme Projeto Estrutural, prancha EST 01/04, resumo aço estacas | F87: 134,3 | J87: 134.3
B88: 3.1.3 | C88: 95583 | D88: SINAPI | E88: MONTAGEM DE ARMADURA TRANSVERSAL DE ESTACAS DE SEÇÃO CIRCULAR, DIÂMETRO = 5,0 MM. AF_09/2021_PS | F88: KG | G88: 36.8 | H88: 15.61 | I88: 19.51 | J88: 717.96 | K88: 0.0010271919
B89: Local | E89: Descrição | F89: Fórmula | J89: Quantidade
E90: Conforme Projeto Estrutural, prancha EST 01/04, resumo aço estacas | F90: 36,8 | J90: 36.8
B91: 3.1.4 | C91: 95601 | D91: SINAPI | E91: ARRASAMENTO MECANICO DE ESTACA DE CONCRETO ARMADO, DIAMETROS DE ATÉ 40 CM. AF_05/2021 | F91: UN | G91: 11 | H91: 17.42 | I91: 21.77 | J91: 239.47 | K91: 0.00034261192
B92: Local | E92: Descrição | F92: Fórmula | J92: Quantidade
E93: Conforme Projeto Estrutural, prancha EST 04/04, estacas | F93: 11 | J93: 11
B94: 3.1.5 | C94: 0301000147 | D94: AGESUL | E94: MOBILIZACAO E DESMOBILIZACAO DE EQUIPAMENTO DE PERFURACAO PARA EXECUCAO DE FUNDACAO | F94: KM | G94: 322 | H94: 9.97 | I94: 12.46 | J94: 4012.12 | K94: 0.0057401767
B95: Local | E95: Descrição | F95: Fórmula | J95: Quantidade
E96: Conforme orientação do TCU, considera-se o deslocamento entre Campo Grande/MS (capital mais próxima) e o local da obra, ida e volta | F96: 161*2 | J96: 322
B97: 3.2 | E97: BLOCO | G97: 1 | I97: 3141.47 | J97: 3141.47 | K97: 0.0044945298
B98: 3.2.1 | C98: 96523 | D98: SINAPI | E98: ESCAVAÇÃO MANUAL PARA BLOCO DE COROAMENTO OU SAPATA (INCLUINDO ESCAVAÇÃO PARA COLOCAÇÃO DE FÔRMAS). AF_01/2024 | F98: m³ | G98: 2.142 | H98: 89.7 | I98: 112.12 | J98: 240.16 | K98: 0.00034359911
B99: Local | E99: Descrição | F99: Fórmula | J99: Quantidade
E100: Conforme Projeto Estrutural, prancha EST 01/04, resumo aço blocos | F100: (0,60*0,60*0,85*7) | J100: 2.142
B101: 3.2.2 | C101: 96535 | D101: SINAPI | E101: FABRICAÇÃO, MONTAGEM E DESMONTAGEM DE FÔRMA PARA SAPATA, EM MADEIRA SERRADA, E=25 MM, 4 UTILIZAÇÕES. AF_01/2024 | F101: m² | G101: 9.24 | H101: 118.67 | I101: 148.33 | J101: 1370.56 | K101: 0.0019608727
B102: Local | E102: Descrição | F102: Fórmula | J102: Quantidade
E103: Conforme Projeto Estrutural, prancha EST 01/04, resumo aço blocos | F103: 9,24 | J103: 9.24
...
